 Dungeon Crawl Stone Soup version 0.23.0 (webtiles) character file.

Game seed: 8934829377816123141

5186 doot the Martial Artist (level 10, -14/71 HPs)
             Began as a Merfolk Transmuter on Feb 9, 2019.
             Was a Priest of Sif Muna.
             Demolished by an ogre
             ... wielding a +0 giant spiked club
              (24 damage)
             ... on level 10 of the Dungeon.
             The game lasted 00:35:05 (12332 turns).

doot the Martial Artist (Merfolk Transmuter)       Turns: 12332, Time: 00:35:06

Health: -14/71     AC:  2    Str: 15    XL:     10   Next: 60%
Magic:  20/20      EV: 24    Int: 17    God:    Sif Muna [***...]
Gold:   579        SH:  0    Dex: 19    Spells: 12/22 levels left

rFire    . . .     SeeInvis .     - Unarmed
rCold    . . .     Gourm    .   (shield currently unavailable)
rNeg     . . .     Faith    +   (armour currently unavailable)
rPois    x         Spirit   .   (helmet currently unavailable)
rElec    .         Reflect  .   (cloak currently unavailable)
rCorr    .         Harm     .   (gloves currently unavailable)
MR       .....                  (boots currently unavailable)
Stlth    +++.......             u - amulet of faith
HPRegen  0.21/turn              F - +2 ring of intelligence
MPRegen  0.17/turn              E - +3 ring of strength

@: spider-form (expiring)
A: tiny, (change form in water), (swift swim), (stealthy swim)
a: End Transformation, Divine Energy, Channel Magic, Renounce Religion


You were on level 10 of the Dungeon.
You worshipped Sif Muna.
Sif Muna was most pleased with you.
You were hungry.
You were a venomous arachnid creature.
You visited 2 branches of the dungeon, and saw 11 of its levels.

You collected 579 gold pieces.

Inventory:

Hand Weapons
 f - a +0 short sword
 j - a +1 spear
 n - a +1 trident of flaming
 o - a +0 trident
 q - a +0 halberd
 J - a +0 glaive
 L - a +3 spear
 R - the +9 whip of Wariness (melded) {slash, *Corrode rF- Str+3 Int+8}
   (You found it on level 10 of the Dungeon)

   It inflicts extra damage upon your enemies.
   It affects your strength (+3).
   It affects your intelligence (+8).
   It makes you vulnerable to fire.
   It may corrode you when you take damage.
Missiles
 a - 26 arrows
Armour
 b - a +0 robe
 g - a +0 ring mail
 h - a +0 troll leather armour (melded)
 r - a scarf of resistance (melded)
 A - a +0 cloak
 K - a +2 hat (melded)
Jewellery
 c - an uncursed amulet of guardian spirit
 u - an amulet of faith (around neck)
 x - an uncursed ring of stealth
 y - an uncursed ring of stealth
 E - a +3 ring of strength (right front leg)
 F - a +2 ring of intelligence (left front leg)
 M - a +3 ring of dexterity
 P - an uncursed ring of protection from cold
Wands
 i - a wand of flame (36)
 I - a wand of polymorph (23)
Scrolls
 e - 7 scrolls of remove curse
 k - 11 scrolls of identify
 l - 2 scrolls of random uselessness
 m - 4 scrolls of blinking
 p - a scroll of acquirement {unknown}
 s - 2 scrolls of enchant armour
 t - 3 scrolls of teleportation
 v - a scroll of magic mapping
 D - a scroll of fog
 H - 2 scrolls of enchant weapon
Potions
 d - a potion of flight {unknown}
 w - 2 potions of might
 z - 3 potions of curing
 B - 2 potions of cancellation {unknown}
 G - a potion of mutation {unknown}
 N - a potion of berserk rage {unknown}
 O - a potion of magic
 Q - a potion of resistance {unknown}
Comestibles
 C - 11 rations
 S - 8 chunks of flesh


   Skills:
 + Level 3.8 Fighting
 + Level 0.6 Maces & Flails
 + Level 7.6 Polearms
 + Level 2.4 Armour
 + Level 5.5 Dodging
 + Level 4.9 Stealth
 + Level 8.4 Unarmed Combat
 + Level 6.9 Spellcasting
 + Level 8.4 Transmutations
 + Level 2.7 Poison Magic


You had 12 spell levels left.
You knew the following spells:

 Your Spells              Type           Power        Failure   Level  Hunger
b - Sticks to Snakes      Tmut           ####....     3%          2    None
c - Spider Form           Tmut/Pois      ###.......   12%         3    ##.....
d - Blade Hands           Tmut           ####......   24%         5    #####..

Your spell library contained the following spells:

 Spells                   Type           Power        Failure   Level  Hunger
 Beastly Appendage        Tmut           ####..       3%          1    None
 Sting                    Conj/Pois      ##..         19%         1    None
 Poisonous Vapours        Pois/Air       ##....       24%         2    None
 Ice Form                 Ice/Tmut       ###.....     41%         4    ####...
 Mephitic Cloud           Conj/Pois/Air  #.......     45%         3    ##.....
 Olgreb's Toxic Radiance  Pois           ###.....     58%         4    ####...
 Venom Bolt               Conj/Pois      ##........   96%         5    #####..
 Bolt of Magma            Conj/Fire/Erth #.........   99%         5    #####..
 Iskenderun's Battlesphe  Conj/Chrm      #.......     99%         5    #####..
 Iron Shot                Conj/Erth      #.........   100%        6    #######
 Orb of Destruction       Conj           #.........   100%        7    #######
 Spellforged Servitor     Conj/Summ      #.........   100%        7    #######


Dungeon Overview and Level Annotations

Branches:
Dungeon (10/15)            Temple (1/1) D:5            Lair (0/6) D:9
    Orc: D:9-12

Altars:
Ashenzari
Cheibriados
Elyvilon
Fedhas
Gozag
Hepliaklqana
Kikubaaqudgha
Makhleb
Nemelex Xobeh
Okawaru
Ru
Sif Muna
Trog
Vehumet
Wu Jian
Xom
Yredelemnul
Zin

Shops:
D:7 :

Annotations:
D:4 3 runed translucent doors, bmj180's ghost, amateur MiMo


Message History

You feel yourself speed up.
You feel sick. The hornet completely misses you. The hornet misses you.
You feel sick.
You hit the hornet.
The hornet is almost dead.
You feel sick. The hornet misses you. The ogre misses you.
The hornet closely misses you.
You feel sick.
The ogre looks more healthy.
You kill the hornet!
Sif Muna accepts your kill.
You barely miss the ogre.
The ogre is almost dead.
You feel sick.
The ogre hits you with a +0 giant spiked club!!
* * * LOW HITPOINT WARNING * * *
You feel better.
Your transformation is almost over.
The ogre hits you with a +0 giant spiked club!!
You die...

#...################
#.#................####
#...##############.#...
######.##############.#.##
.>.........................
..#.....#..................
#.#####..................
#........................
#######s................
.......O................
#######.................
...##........≈≈≈≈≈≈≈≈≈
#.##.......≈≈≈≈≈≈≈≈≈≈
##.<#.......≈≈≈≈≈≈≈≈≈≈
#......†..≈≈≈≈≈≈≈≈≈≈≈≈
#...........)))≈≈≈≈≈..
#..##.......÷..≈≈≈....


You could see an ogre.

Vanquished Creatures
  A komodo dragon (D:9)
  A hornet (D:10)
  A troll (D:10)
  A hippogriff (D:7)
  Eustachio (D:4)
  A wyvern (D:8)
  4 yaks (D:9)
  A water moccasin (D:8)
  A black bear (D:9)
  A necrophage (D:9)
  3 phantoms (D:8)
  2 orc warriors (D:9)
  4 ogres
  A sky beast (D:10)
  A centaur (D:9)
  A big kobold (D:7)
  5 bullfrogs
  5 scorpions
  5 wights (D:10)
  8 crimson imps
  A bullfrog zombie (D:9)
  A centaur zombie (D:5)
  A quasit (D:7)
  5 hounds
  2 centaur skeletons
  2 orc priests (D:9)
  3 orc wizards
  2 iguanas
  A worker ant (D:4)
  A hound zombie (D:6)
  2 hound skeletons
  2 howler monkey skeletons
  7 adders
  8 gnolls
  3 shadow imps
  2 oozes (D:1)
  2 worms
  3 dart slugs
  9 leopard geckos
  26 orcs
  7 giant cockroaches
  12 goblins
  11 hobgoblins
  14 jackals
  16 kobolds
  2 quokkas (D:5)
  2 ball pythons
  2 bats
  7 frilled lizards
  5 rats
209 creatures vanquished.

Vanquished Creatures (collateral kills)
  A troll (D:5)
  A crimson imp (D:2)
  An orc wizard (D:5)
  3 adders
  An adder zombie (D:5)
  A worm (D:3)
  6 orcs
  A goblin (D:3)
  A jackal (D:9)
  A bat (D:3)
  A frilled lizard (D:3)
18 creatures vanquished.

Vanquished Creatures (others)
  7 plants (D:9)
7 creatures vanquished.

Grand Total: 234 creatures vanquished

Notes
Turn   | Place    | Note
-------+----------+-------------------------------------------
     0 | D:1      | doot the Merfolk Transmuter began the quest for the Orb.
     0 | D:1      | Reached XP level 1. HP: 15/15 MP: 3/3
    55 | D:1      | Reached XP level 2. HP: 6/21 MP: 5/5
   265 | D:1      | Learned a level 2 spell: Sticks to Snakes
   505 | D:3      | Reached XP level 3. HP: 26/26 MP: 1/6
   780 | D:4      | Found a runed translucent gate.
   780 | D:4      | Found a runed translucent gate.
   780 | D:4      | Found a runed translucent gate.
   780 | D:4      | Noticed bmj180's ghost (amateur MiMo)
   879 | D:4      | HP: 1/26 [poisoned by an adder]
   882 | D:4      | Reached skill level 1 in Polearms
   882 | D:4      | Reached XP level 4. HP: 20/32 MP: 6/8
   987 | D:4      | Noticed an ogre
  1003 | D:4      | Learned a level 3 spell: Spider Form
  1300 | D:3      | Found a shimmering altar of Xom.
  2180 | D:4      | Noticed Eustachio
  2228 | D:3      | Reached XP level 5. HP: 15/37 MP: 1/9
  2779 | D:4      | Killed Eustachio
  2779 | D:4      | Reached skill level 1 in Stealth
  2779 | D:4      | Reached skill level 1 in Poison Magic
  2779 | D:4      | Reached XP level 6. HP: 17/43 MP: 3/11
  2966 | D:3      | Learned a level 5 spell: Blade Hands
  3082 | D:4      | Reached skill level 5 in Unarmed Combat
  3587 | D:4      | Reached XP level 7. HP: 48/48 MP: 5/12
  3843 | D:5      | Entered Level 5 of the Dungeon
  3901 | D:5      | Found a staircase to the Ecumenical Temple.
  3921 | Temple   | Entered the Ecumenical Temple
  4030 | Temple   | Became a worshipper of Sif Muna the Loreminder
  4695 | D:2      | Found a glowing silver altar of Zin.
  4696 | D:2      | Noticed an angel
  6957 | D:4      | Reached XP level 8. HP: 51/56 MP: 11/14
  7436 | D:5      | Noticed a troll
  7451 | D:5      | Reached * piety under Sif Muna
  7637 | D:5      | Killed a troll
  7637 | D:5      | Reached skill level 5 in Transmutations
  7945 | D:5      | Reached skill level 5 in Polearms
  8084 | D:6      | You fall through a shaft!
  8152 | D:7      | Found Virgh's Book Shop.
  8494 | D:6      | Reached skill level 5 in Spellcasting
  8577 | D:6      | Found an ornate altar of the Wu Jian Council.
  8867 | D:7      | Noticed a hippogriff
  8875 | D:7      | Killed a hippogriff
  8875 | D:7      | Reached XP level 9. HP: 50/64 MP: 11/16
  9600 | D:8      | Reached ** piety under Sif Muna
  9774 | D:8      | Reached skill level 1 in Armour
  9944 | D:8      | Found a basalt altar of Yredelemnul.
 10053 | D:8      | Found a white marble altar of Elyvilon.
 10622 | D:9      | Reached skill level 5 in Dodging
 11050 | D:9      | Noticed a komodo dragon
 11061 | D:9      | Reached XP level 10. HP: 70/70 MP: 13/19
 11084 | D:9      | Reached *** piety under Sif Muna
 11150 | D:9      | Found a staircase to the Lair.
 11544 | D:10     | Entered Level 10 of the Dungeon
 11607 | D:10     | Got an iridescent whip
 11627 | D:10     | Identified the +9 whip of Wariness {slash, *Corrode rF-
                  | Str+3 Int+8} (You found it on level 10 of the Dungeon)
 12332 | D:10     | Demolished by an ogre

Skill      XL: |  1  2  3  4  5  6  7  8  9 10 |
---------------+-------------------------------+-----
Unarmed Combat | 4 5 6 7 8 |  8.4
Transmutations | 3 4 5 7 8 |  8.4
Polearms       | 1 3 6 7 |  7.6
Dodging        | 3 4 5 |  5.5
Spellcasting   | 3 4 5 6 |  6.9
Stealth        | 1 3 4 |  4.9
Poison Magic   | 1 2 |  2.7
Fighting       | 2 3 |  3.8
Armour         | 2 |  2.4
Maces & Flails | |  0.6

Action                   |  1- 3 |  4- 6 |  7- 9 | 10-12 || total
-------------------------+-------+-------+-------+-------++-------
Melee: Unarmed           |    51 |    65 |   143 |    48 ||   307
       Headbutt          |     9 |     1 |     7 |       ||    17
       Punch             |     3 |     2 |     6 |     1 ||    12
       Spear             |    49 |    38 |       |       ||    87
       Trident           |       |     5 |   256 |       ||   261
       Glaive            |       |       |    29 |     6 ||    35
       Whip              |       |       |       |    20 ||    20
       Tailslap          |       |       |       |     6 ||     6
 Cast: Beastly Appendage |    15 |     1 |    14 |       ||    30
       Sticks to Snakes  |     3 |    11 |    29 |       ||    43
       Spider Form       |       |    11 |    13 |     2 ||    26
       Blade Hands       |       |     1 |    11 |     5 ||    17
 Abil: End Transformatio |       |     1 |       |       ||     1
  Use: Potion            |     2 |     2 |     2 |     1 ||     7
       Scroll            |       |     3 |     9 |       ||    12
 Stab: Sleeping          |       |       |    23 |     1 ||    24
       Distracted        |       |       |     2 |       ||     2
  Eat: Chunk             |       |     6 |    25 |     2 ||    33
       Ration            |       |     2 |     2 |     1 ||     5
Armor: Robe              |    18 |     6 |    19 |       ||    43
       Skin              |    15 |     5 |     1 |       ||    21
       Troll leather arm |       |       |    43 |     6 ||    49
Dodge: Dodged            |    75 |   107 |   262 |    52 ||   496
